 Dungeon Crawl Stone Soup version 0.28.0-43-g3370ac3207 (webtiles) character file.

Game seed: 9110182670064244895

2 pkoi the Stinger (level 1, 0/14 HPs)
             Began as a Demigod Venom Mage on Mar 26, 2022.
             Slain by a jackal (1 damage)
             ... on level 1 of the Dungeon.
             The game lasted 00:00:20 (104 turns).

pkoi the Stinger (Demigod Venom Mage)                Turns: 104, Time: 00:00:20

Health: 0/14       AC:  2    Str:  9    XL:     1   Next: 26%
Magic:  4/5        EV:  9    Int: 17    God:
Gold:   0          SH:  0    Dex: 14    Spells: 2/3 levels left

rFire   . . .      SeeInvis .   c - +0 hand axe
rCold   . . .      Faith    .   (no shield)
rNeg    . . .      Spirit   .   a - +0 robe
rPois   .          Reflect  .   (no helmet)
rElec   .          Harm     .   (no cloak)
rCorr   .          Rampage  .   (no gloves)
Will    .....                   (no boots)
Stlth   ++........              (no amulet)
HPRegen 0.04/turn               (no ring)
MPRegen 0.09/turn               (no ring)

@: constricted
A: high MP 1, forlorn, divine attributes
a: no special abilities


You were on level 1 of the Dungeon.
You visited 1 branch of the dungeon, and saw 1 of its levels.

Inventory:

Hand Weapons
 c - a +0 hand axe (weapon)
Armour
 a - a +0 robe (worn)
Scrolls
 b - a scroll of teleportation {unknown}


   Skills:
 - Level 1.7 Dodging
 - Level 1.7 Stealth
 + Level 0.1 Unarmed Combat
 - Level 1.7 Spellcasting
 - Level 0.8 Transmutations
 + Level 2.8 Poison Magic


You had 2 spell levels left.
You knew the following spells:

 Your Spells              Type           Power      Damage    Failure   Level
a - Sting                 Tmut/Pois      28%        1d4       10%         1

Your spell library contained the following spells:

 Spells                   Type           Power      Damage    Failure   Level
 Poisonous Vapours        Pois/Air       12%        N/A       17%         2
 Mephitic Cloud           Conj/Pois/Air  4%         N/A       38%         3
 Olgreb's Toxic Radiance  Pois           11%        N/A       52%         4


Dungeon Overview and Level Annotations

Branches:
Dungeon (1/15)


Innate Abilities, Weirdness & Mutations

You have an increased reservoir of magic. (+10% MP)
You shall have no god before yourself.
Your divine heritage dramatically boosts your attributes as you level up.


Message History

* * * LOW HITPOINT WARNING * * *
The jackal misses you.
The jackal bites you but does no damage.
The ball python barely misses you. The ball python closely misses you.
The jackal closely misses you.
You closely miss the jackal.
The jackal is moderately wounded.
You barely miss the jackal. You hit the ball python.
A nearby plant withers and dies.
The jackal barely misses you.
The jackal bites you but does no damage.
The ball python bites you.
* * * LOW HITPOINT WARNING * * *
The ball python barely misses you. The jackal closely misses you.
You hit the jackal but do no damage.
The jackal is moderately wounded.
You hit the jackal but do no damage. You barely miss the ball python.
The jackal misses you. The ball python bites you.
* * * LOW HITPOINT WARNING * * *
The ball python barely misses you. The jackal bites you.
* * * LOW HITPOINT WARNING * * *
The jackal bites you.
* * * LOW HITPOINT WARNING * * *
The ball python closely misses you. The ball python barely misses you.
You hit the jackal but do no damage.
The jackal is moderately wounded.
You hit the jackal but do no damage.
You hit the ball python but do no damage.
The jackal bites you but does no damage.
The jackal barely misses you. The ball python barely misses you.
The ball python grabs you. The ball python constricts you.
* * * LOW HITPOINT WARNING * * *
The jackal barely misses you. The jackal bites you.
* * * LOW HITPOINT WARNING * * *
You closely miss the jackal.
The jackal is moderately wounded.
You hit the jackal but do no damage. You barely miss the ball python.
The jackal bites you.
* * * LOW HITPOINT WARNING * * *
The jackal bites you.
You die...
PPPP.PP.PP.PPPPPP.P.#....# PPPPP.....PPPPPPP.P.#....# PPPPPPP.PPPPPPPPP.P.#....# PPPPPPP.PPPPPPPPP.P.#....# PPPPPP.P.PPPPPPP.PP......# PPPPP.PPP.PPPPP.PPP......#

.
.....PPPPP.....PPPP......#
... PPPPPP.hS.......#.....
.......@h.......).....
.....>#+##............
...##...............## .
.......!........#
#...............#
................#
.####.......).....
..............


You could see 2 jackals and a ball python.

Vanquished Creatures
  An endoplasm (D:1)
  A goblin (D:1)
2 creatures vanquished.

Vanquished Creatures (others)
  4 plants (D:1)
4 creatures vanquished.

Grand Total: 6 creatures vanquished

Notes
Turn   | Place    | Note
-------+----------+-------------------------------------------
     0 | D:1      | pkoi the Demigod Venom Mage began the quest for the Orb.
     0 | D:1      | Reached XP level 1. HP: 14/14 MP: 5/5
   104 | D:1      | Slain by a jackal

Illustrated notes

Levels and vault maps discovered:
D:1:      roderic_crop_circles_arrival_large, layout_basic

Action                   || total
-------------------------++-------
Melee: Hand axe          ||     8
 Cast: Sting             ||     4
Armor: Robe              ||     3
Dodge: Dodged            ||    18
